General information
- name: BNet
- type: Ladder team game (AT/RT)
- host: Battle.net
- saver: MR.MAGNET.
map: SilverpineForest
- players: 6
- length: 35:00
- speed: Fast
- version: 1.27 W3XP
- replay type:

» download(392 KB)
Players
team 1 (loser)
Denzol2 (
teal | 174 APM | 6049 actions | 34:51)
4 Demon Hunter
2 Mana Burn
2 Evasion
4 Naga Sea Witch
2 Frost Arrows
2 Forked Lightning
» actions
| Assign group hotkey | 62 | |
| Basic commands | 92 | |
| Build / train | 112 | |
| ESC pressed | 1 | |
| Enter build submenu | 25 | |
| Enter hero's abilities submenu | 8 | |
| Give item / drop item | 8 | |
| Remove unit from queue | 5 | |
| Right click | 2047 | |
| Select / deselect | 662 | |
| Select group hotkey | 2796 | |
| Use ability | 231 | |
6049 total
» units
| Wisp | 23 | |
| Huntress | 2 | |
| Druid of the Claw | 9 | |
| Chimaera | 30 | |
| Dryad | 2 | |
66 total
» upgrades
| Druid of the Claw Training | 2 | |
| Strength of the Wild | 2 | |
| Mark of the Claw | 1 | |
| Reinforced Hides | 3 | |
| Corrosive Breath | 1 | |
9 total
» buildings
| Altar of Elders | 1 | |
| Moon Well | 9 | |
| Hunter's Hall | 1 | |
| Ancient of War | 1 | |
| Tree of Ages | 2 | |
| Ancient of Lore | 2 | |
| Tree of Eternity | 1 | |
| Tree of Life | 2 | |
| Ancient of Wind | 2 | |
| Chimaera Roost | 2 | |
| Ancient of Wonders | 1 | |
24 total
» build order
00:04 Altar of Elders
00:17 Moon Well
01:30 Hunter's Hall
01:48 Ancient of War
02:03 Moon Well
02:53 Tree of Ages
02:53 Tree of Ages
04:28 Moon Well
05:39 Ancient of Lore
05:42 Ancient of Lore
05:59 Tree of Eternity
06:37 Tree of Life
07:45 Moon Well
11:24 Ancient of Wind
12:15 Ancient of Wind
12:20 Moon Well
13:20 Chimaera Roost
13:23 Chimaera Roost
13:58 Moon Well
14:10 Moon Well
15:19 Moon Well
15:58 Moon Well
16:09 Tree of Life
16:18 Ancient of Wonders
» items
| Scroll of Town Portal | 3 | |
| Healing Salve | 2 | |
| Potion of Lesser Invulnerability | 3 | |
| Scroll of Healing | 2 | |
10 total
i_love_you (
purple | 153 APM | 5335 actions | 34:53)
4 Blademaster
2 Wind Walk
2 Critical Strike
4 Shadow Hunter
2 Hex
2 Healing Wave
» actions
| Assign group hotkey | 156 | |
| Basic commands | 257 | |
| Build / train | 95 | |
| ESC pressed | 6 | |
| Enter build submenu | 31 | |
| Enter hero's abilities submenu | 8 | |
| Give item / drop item | 5 | |
| Right click | 2451 | |
| Select / deselect | 867 | |
| Select group hotkey | 1255 | |
| Use ability | 204 | |
5335 total
» units
| Peon | 22 | |
| Grunt | 6 | |
| Tauren | 6 | |
| Shaman | 4 | |
| Spirit Walker | 4 | |
| Demolisher | 10 | |
52 total
» upgrades
| Shaman Training | 2 | |
| Spirit Walker Training | 2 | |
| Pulverize | 1 | |
| Armor | 1 | |
| Melee Weapons | 1 | |
| Berserker Upgrade | 1 | |
| Burning Oil | 1 | |
9 total
» buildings
| Altar of Storms | 1 | |
| Orc Burrow | 9 | |
| Barracks | 1 | |
| Voodoo Lounge | 3 | |
| Stronghold | 2 | |
| War Mill | 1 | |
| Spirit Lodge | 2 | |
| Fortress | 4 | |
| Tauren Totem | 2 | |
| Great Hall | 2 | |
27 total
» build order
00:02 Altar of Storms
00:17 Orc Burrow
01:01 Barracks
01:36 Orc Burrow
02:05 Voodoo Lounge
02:35 Voodoo Lounge
03:58 Stronghold
03:58 Stronghold
04:31 Orc Burrow
04:55 Voodoo Lounge
05:02 War Mill
06:30 Spirit Lodge
06:48 Fortress
06:48 Fortress
06:48 Fortress
07:37 Orc Burrow
09:16 Tauren Totem
09:17 Tauren Totem
09:21 Spirit Lodge
09:24 Orc Burrow
09:26 Orc Burrow
11:40 Orc Burrow
15:38 Orc Burrow
16:30 Great Hall
27:05 Orc Burrow
33:47 Great Hall
» items
| Slippers of Agility +3 | 1 | |
| Gauntlets of Ogre Strength +3 | 1 | |
| Healing Salve | 3 | |
| Scroll of Speed | 1 | |
| Lesser Clarity Potion | 2 | |
| Sentry Wards | 2 | |
| Potion of Invulnerability | 1 | |
| Orb of Lightning | 1 | |
| Scroll of Town Portal | 2 | |
| Potion of Mana | 1 | |
15 total
ppcka (
yellow | 103 APM | 3588 actions | 34:59)
5 Death Knight
2 Death Coil
3 Unholy Aura
» actions
| Assign group hotkey | 15 | |
| Basic commands | 142 | |
| Build / train | 107 | |
| ESC pressed | 2 | |
| Enter build submenu | 16 | |
| Enter hero's abilities submenu | 5 | |
| Right click | 2722 | |
| Select / deselect | 411 | |
| Select group hotkey | 127 | |
| Use ability | 41 | |
3588 total
» units
| Acolyte | 16 | |
| Ghoul | 3 | |
| Crypt Fiend | 56 | |
| Meatwagon | 8 | |
83 total
» upgrades
| Creature Attack | 3 | |
| Creature Carapace | 3 | |
| Web | 1 | |
| Exhume Corpses | 1 | |
| Unholy Strength | 1 | |
| Disease Cloud | 1 | |
10 total
» buildings
| Graveyard | 1 | |
| Crypt | 1 | |
| Ziggurat | 7 | |
| Altar of Darkness | 1 | |
| Tomb of Relics | 1 | |
| Spirit Tower | 1 | |
| Halls of the Dead | 1 | |
| Necropolis | 1 | |
| Black Citadel | 1 | |
| Slaughterhouse | 1 | |
16 total
» build order
00:15 Graveyard
00:18 Crypt
00:34 Ziggurat
00:53 Altar of Darkness
02:02 Tomb of Relics
02:42 Ziggurat
03:14 Ziggurat
04:55 Spirit Tower
06:24 Halls of the Dead
08:32 Ziggurat
08:33 Ziggurat
09:30 Ziggurat
11:44 Necropolis
15:08 Black Citadel
18:26 Slaughterhouse
20:10 Ziggurat
» items
| Rod of Necromancy | 1 | |
| Claws of Attack +9 | 1 | |
| Khadgar's Gem of Health | 1 | |
| Scroll of Town Portal | 2 | |
5 total
team 2 (winner)
MR.MAGNET. (
orange | 165 APM | 5770 actions | 35:00)
5 Blademaster
2 Wind Walk
3 Critical Strike
4 Tauren Chieftain
2 Shockwave
2 Endurance Aura
» actions
| Assign group hotkey | 28 | |
| Basic commands | 7 | |
| Build / train | 117 | |
| Enter build submenu | 72 | |
| Enter hero's abilities submenu | 10 | |
| Give item / drop item | 13 | |
| Remove unit from queue | 4 | |
| Right click | 4038 | |
| Select / deselect | 782 | |
| Select group hotkey | 225 | |
| Use ability | 474 | |
5770 total
» units
| Peon | 15 | |
| Troll Batrider | 31 | |
| Kodo Beast | 1 | |
47 total
» upgrades
| Ensnare | 1 | |
| Liquid Fire | 1 | |
| Ranged Weapons | 3 | |
| Armor | 3 | |
8 total
» buildings
| Altar of Storms | 1 | |
| Orc Burrow | 4 | |
| War Mill | 1 | |
| Voodoo Lounge | 4 | |
| Watch Tower | 78 | |
| Stronghold | 4 | |
| Beastiary | 5 | |
| Fortress | 4 | |
| Great Hall | 1 | |
102 total
» build order
00:09 Altar of Storms
00:18 Orc Burrow
00:34 War Mill
01:01 Voodoo Lounge
01:46 Watch Tower
02:07 Watch Tower
02:31 Watch Tower
02:49 Orc Burrow
03:04 Watch Tower
03:34 Stronghold
03:35 Stronghold
03:35 Stronghold
04:47 Watch Tower
04:47 Watch Tower
04:49 Watch Tower
05:54 Watch Tower
05:55 Watch Tower
05:56 Watch Tower
06:02 Beastiary
06:04 Beastiary
06:47 Watch Tower
06:47 Watch Tower
06:48 Watch Tower
06:48 Watch Tower
07:12 Watch Tower
07:34 Fortress
07:34 Fortress
07:34 Fortress
07:37 Orc Burrow
07:38 Orc Burrow
08:33 Voodoo Lounge
09:53 Watch Tower
09:54 Watch Tower
09:54 Watch Tower
09:54 Watch Tower
09:55 Watch Tower
09:56 Watch Tower
09:56 Watch Tower
09:57 Watch Tower
11:23 Watch Tower
12:08 Watch Tower
12:08 Watch Tower
12:15 Watch Tower
12:30 Watch Tower
13:22 Great Hall
13:37 Watch Tower
13:40 Watch Tower
13:45 Voodoo Lounge
13:50 Voodoo Lounge
14:25 Watch Tower
14:29 Watch Tower
14:30 Watch Tower
14:54 Watch Tower
15:04 Watch Tower
15:18 Watch Tower
16:28 Watch Tower
16:31 Watch Tower
17:19 Watch Tower
17:21 Watch Tower
17:21 Watch Tower
17:22 Watch Tower
17:22 Watch Tower
17:45 Watch Tower
17:46 Watch Tower
18:28 Watch Tower
18:28 Watch Tower
20:28 Watch Tower
20:29 Watch Tower
23:02 Watch Tower
23:02 Watch Tower
23:03 Watch Tower
23:03 Watch Tower
23:04 Watch Tower
23:04 Watch Tower
23:05 Watch Tower
23:40 Watch Tower
23:40 Watch Tower
23:41 Watch Tower
23:41 Watch Tower
26:32 Beastiary
26:33 Beastiary
26:44 Beastiary
28:47 Watch Tower
28:48 Watch Tower
28:48 Watch Tower
28:49 Watch Tower
28:49 Watch Tower
28:50 Watch Tower
28:50 Watch Tower
28:51 Watch Tower
28:51 Watch Tower
28:51 Watch Tower
29:56 Watch Tower
29:56 Watch Tower
29:57 Watch Tower
29:57 Watch Tower
32:20 Watch Tower
33:35 Watch Tower
33:35 Watch Tower
34:04 Watch Tower
» items
| Healing Salve | 3 | |
| Lesser Clarity Potion | 8 | |
| Boots of Speed | 2 | |
| Staff of Teleportation | 7 | |
| Dust of Appearance | 1 | |
| Orb of Lightning | 2 | |
| Khadgar's Gem of Health | 1 | |
| Amulet of Spell Shield | 2 | |
| Pendant of Mana | 1 | |
| Staff of Sanctuary | 2 | |
| Potion of Healing | 3 | |
32 total
MyLiege_Cyrus (
red | 140 APM | 4889 actions | 35:00)
4 Archmage
2 Blizzard
2 Brilliance Aura
3 Blood Mage
2 Flame Strike
1 Siphon Mana
4 Goblin Tinker
2 Cluster Rockets
2 Engineering Upgrade
» actions
| Assign group hotkey | 322 | |
| Basic commands | 54 | |
| Build / train | 146 | |
| Enter build submenu | 144 | |
| Enter hero's abilities submenu | 12 | |
| Give item / drop item | 5 | |
| Remove unit from queue | 6 | |
| Right click | 2268 | |
| Select / deselect | 561 | |
| Select group hotkey | 996 | |
| Use ability | 375 | |
4889 total
» units
» upgrades
| Masonry | 3 | |
| Lumber Harvesting | 2 | |
| Magic Sentry | 1 | |
| Priest Training | 2 | |
8 total
» buildings
| Altar of Kings | 1 | |
| Farm | 7 | |
| Lumber Mill | 1 | |
| Scout Tower | 181 | |
| Arcane Tower | 13 | |
| Guard Tower | 69 | |
| Arcane Vault | 3 | |
| Keep | 1 | |
| Town Hall | 1 | |
| Arcane Sanctum | 1 | |
| Castle | 3 | |
281 total
» build order
00:04 Altar of Kings
00:21 Farm
00:22 Farm
00:35 Lumber Mill
00:57 Farm
01:09 Scout Tower
01:28 Scout Tower
01:37 Scout Tower
01:38 Scout Tower
01:49 Arcane Tower
01:59 Scout Tower
02:02 Scout Tower
02:11 Arcane Tower
02:13 Scout Tower
02:28 Guard Tower
02:29 Scout Tower
02:39 Guard Tower
02:40 Guard Tower
02:40 Scout Tower
02:41 Scout Tower
02:59 Guard Tower
03:22 Guard Tower
03:52 Guard Tower
04:15 Scout Tower
04:23 Scout Tower
04:24 Scout Tower
04:28 Arcane Vault
04:38 Guard Tower
04:39 Scout Tower
04:40 Scout Tower
04:47 Scout Tower
04:50 Guard Tower
05:00 Keep
05:05 Guard Tower
05:15 Guard Tower
05:17 Scout Tower
05:28 Guard Tower
05:30 Scout Tower
05:30 Scout Tower
05:36 Farm
05:47 Scout Tower
05:48 Scout Tower
06:04 Guard Tower
06:07 Scout Tower
06:08 Scout Tower
06:09 Scout Tower
06:10 Scout Tower
06:13 Town Hall
06:16 Scout Tower
06:17 Scout Tower
06:17 Scout Tower
06:18 Scout Tower
06:18 Scout Tower
06:19 Scout Tower
06:21 Scout Tower
06:21 Scout Tower
06:22 Scout Tower
06:22 Scout Tower
06:30 Scout Tower
06:31 Scout Tower
06:31 Scout Tower
06:37 Arcane Tower
06:41 Scout Tower
06:42 Scout Tower
06:47 Guard Tower
06:52 Scout Tower
07:09 Guard Tower
07:19 Arcane Tower
07:38 Guard Tower
07:46 Arcane Tower
07:47 Guard Tower
07:53 Scout Tower
07:54 Scout Tower
08:01 Guard Tower
08:04 Guard Tower
08:17 Scout Tower
08:20 Scout Tower
08:20 Scout Tower
08:28 Guard Tower
08:44 Scout Tower
08:48 Guard Tower
09:11 Arcane Sanctum
09:18 Arcane Tower
09:19 Guard Tower
09:20 Scout Tower
09:22 Scout Tower
09:23 Scout Tower
09:27 Scout Tower
09:28 Scout Tower
09:29 Scout Tower
09:35 Guard Tower
09:37 Arcane Vault
09:45 Scout Tower
09:46 Scout Tower
09:46 Scout Tower
09:47 Scout Tower
09:47 Scout Tower
09:48 Scout Tower
09:49 Scout Tower
09:50 Scout Tower
09:51 Scout Tower
09:51 Scout Tower
10:09 Castle
10:09 Castle
10:09 Castle
10:38 Guard Tower
10:39 Arcane Tower
10:41 Guard Tower
10:41 Guard Tower
10:41 Guard Tower
10:59 Scout Tower
11:00 Scout Tower
11:01 Scout Tower
11:02 Scout Tower
11:05 Scout Tower
11:06 Scout Tower
11:06 Scout Tower
11:07 Scout Tower
11:36 Scout Tower
11:37 Scout Tower
11:38 Scout Tower
11:39 Scout Tower
11:39 Scout Tower
11:44 Arcane Tower
11:45 Guard Tower
12:15 Guard Tower
12:17 Scout Tower
12:17 Scout Tower
12:19 Scout Tower
12:20 Scout Tower
12:25 Guard Tower
12:49 Guard Tower
12:51 Scout Tower
12:54 Scout Tower
12:55 Scout Tower
12:56 Scout Tower
13:00 Arcane Vault
13:01 Scout Tower
13:02 Scout Tower
13:41 Guard Tower
13:44 Scout Tower
13:45 Scout Tower
13:47 Scout Tower
13:47 Scout Tower
13:49 Scout Tower
13:49 Scout Tower
13:51 Scout Tower
13:52 Scout Tower
14:15 Guard Tower
14:17 Arcane Tower
14:17 Guard Tower
14:23 Scout Tower
14:24 Scout Tower
14:27 Scout Tower
14:28 Scout Tower
14:31 Scout Tower
14:32 Scout Tower
14:33 Scout Tower
14:37 Scout Tower
14:37 Scout Tower
14:38 Scout Tower
14:48 Guard Tower
14:51 Scout Tower
14:52 Scout Tower
14:53 Scout Tower
15:30 Guard Tower
15:38 Scout Tower
15:39 Scout Tower
15:41 Scout Tower
15:42 Scout Tower
15:45 Arcane Tower
15:47 Scout Tower
15:48 Scout Tower
16:06 Arcane Tower
16:07 Arcane Tower
16:09 Guard Tower
16:13 Guard Tower
16:16 Scout Tower
16:33 Guard Tower
16:37 Scout Tower
16:38 Scout Tower
16:40 Scout Tower
16:41 Scout Tower
16:42 Guard Tower
16:44 Guard Tower
16:57 Scout Tower
16:57 Scout Tower
16:58 Scout Tower
17:02 Farm
17:14 Guard Tower
17:16 Guard Tower
17:18 Scout Tower
17:20 Scout Tower
17:21 Scout Tower
17:25 Guard Tower
17:26 Scout Tower
17:27 Scout Tower
18:08 Scout Tower
18:11 Scout Tower
18:22 Guard Tower
18:30 Scout Tower
18:31 Guard Tower
18:42 Guard Tower
18:44 Scout Tower
18:45 Scout Tower
18:48 Scout Tower
19:42 Arcane Tower
19:53 Guard Tower
19:54 Scout Tower
20:02 Guard Tower
20:05 Scout Tower
20:05 Scout Tower
20:06 Scout Tower
20:13 Scout Tower
20:32 Guard Tower
20:34 Scout Tower
20:35 Scout Tower
20:56 Guard Tower
21:50 Guard Tower
23:27 Scout Tower
23:28 Scout Tower
23:35 Scout Tower
23:36 Scout Tower
23:36 Scout Tower
24:03 Guard Tower
24:11 Guard Tower
24:48 Guard Tower
24:49 Scout Tower
24:50 Scout Tower
24:50 Scout Tower
24:51 Scout Tower
24:53 Scout Tower
24:54 Scout Tower
24:55 Scout Tower
24:56 Scout Tower
25:14 Guard Tower
26:36 Scout Tower
26:37 Scout Tower
27:10 Guard Tower
27:14 Scout Tower
27:44 Farm
27:44 Farm
28:05 Guard Tower
28:11 Scout Tower
28:12 Scout Tower
28:12 Scout Tower
28:13 Scout Tower
28:18 Scout Tower
28:19 Scout Tower
28:23 Guard Tower
28:25 Scout Tower
28:26 Scout Tower
28:29 Scout Tower
28:31 Scout Tower
28:55 Guard Tower
29:02 Scout Tower
29:04 Scout Tower
29:05 Scout Tower
29:06 Guard Tower
29:18 Guard Tower
29:35 Guard Tower
29:35 Guard Tower
30:04 Guard Tower
30:06 Scout Tower
30:12 Scout Tower
30:12 Scout Tower
30:15 Scout Tower
30:19 Scout Tower
30:23 Scout Tower
30:25 Scout Tower
30:39 Guard Tower
30:46 Guard Tower
31:17 Guard Tower
32:01 Guard Tower
33:08 Scout Tower
33:11 Scout Tower
33:13 Scout Tower
33:14 Scout Tower
33:17 Guard Tower
33:26 Scout Tower
33:28 Scout Tower
» items
| Boots of Speed | 3 | |
| Staff of Teleportation | 3 | |
| Staff of Sanctuary | 3 | |
| Orb of Lightning | 2 | |
| Khadgar's Gem of Health | 1 | |
12 total
THE_PACKAGE (
pink | 101 APM | 3533 actions | 35:00)
5 Goblin Tinker
3 Pocket Factory
2 Engineering Upgrade
3 Keeper of the Grove
2 Entangling Roots
1 Thorns Aura
» actions
| Assign group hotkey | 6 | |
| Basic commands | 326 | |
| Build / train | 84 | |
| ESC pressed | 16 | |
| Enter build submenu | 20 | |
| Enter hero's abilities submenu | 10 | |
| Give item / drop item | 6 | |
| Right click | 1957 | |
| Select / deselect | 547 | |
| Select group hotkey | 459 | |
| Use ability | 102 | |
3533 total
» units
| Wisp | 43 | |
| Faerie Dragon | 4 | |
| Hippogryph | 6 | |
53 total
» upgrades
| Ultravision | 1 | |
| Nature's Blessing | 1 | |
| Well Spring | 1 | |
| Strength of the Wild | 3 | |
| Reinforced Hides | 3 | |
9 total
» buildings
| Altar of Elders | 1 | |
| Moon Well | 11 | |
| Ancient of Wonders | 1 | |
| Tree of Life | 4 | |
| Tree of Ages | 1 | |
| Hunter's Hall | 1 | |
| Tree of Eternity | 1 | |
| Ancient of Wind | 2 | |
22 total
» build order
00:06 Altar of Elders
01:05 Moon Well
02:41 Moon Well
03:29 Ancient of Wonders
04:27 Moon Well
05:46 Tree of Life
06:19 Tree of Ages
08:44 Hunter's Hall
08:48 Tree of Life
11:01 Tree of Life
12:39 Moon Well
16:03 Tree of Life
16:09 Tree of Eternity
17:49 Ancient of Wind
20:28 Moon Well
20:29 Moon Well
20:30 Moon Well
20:32 Moon Well
23:34 Moon Well
23:39 Moon Well
23:52 Moon Well
31:15 Ancient of Wind
» items
| Boots of Speed | 1 | |
| Staff of Teleportation | 2 | |
| Khadgar's Gem of Health | 1 | |
| Ring of Regeneration | 2 | |
| Orb of Venom | 1 | |
| Amulet of Spell Shield | 1 | |
| Cloak of Flames | 1 | |
| Orb of Darkness | 1 | |
10 total
Chat log
(00:42 / Allies) THE_PACKAGE: crap
(00:46 / Allies) THE_PACKAGE: gave away wood too soon lol
(00:47 / All) MR.MAGNET.: hi guys
(00:50 / All) Denzol2: hello
(00:51 / All) MyLiege_Cyrus: HI!
(01:47 / Allies) THE_PACKAGE: i got supply blocked so wood a smidge delayed
(04:47 / Allies) THE_PACKAGE: en route
(05:27 / Allies) THE_PACKAGE: no way
(25:40 / Allies) THE_PACKAGE: got an expo
(32:16 / Allies) THE_PACKAGE: noiiiiiice
(32:49 / All) MR.MAGNET.: guys
(32:51 / All) MR.MAGNET.: ar eyou baed?
(32:52 / All) MR.MAGNET.: bade
(32:53 / All) MR.MAGNET.: bad
(32:55 / All) Denzol2: stupid game
(32:57 / All) Denzol2: idiots.
(33:02 / All) MR.MAGNET.: why are you losing
(33:24 / All) MR.MAGNET.: yellow you forgot fiend =-(